 Dungeon Crawl Stone Soup version 0.22-a0-412-g2b68d14 (webtiles) character file.

77 emperorscorpion the Skirmisher (level 4, 0/43 HPs)
             Began as a Gargoyle Berserker on May 12, 2018.
             Was a Follower of Trog.
             Slain by Sigmund
             ... wielding a +0 scythe
              (10 damage)
             ... on level 2 of the Dungeon.
             The game lasted 00:01:06 (962 turns).

emperorscorpion the Skirmisher (Gargoyle Berserker)  Turns: 962, Time: 00:01:07

Health: 0/43       AC:  5    Str: 27    XL:     4   Next: 34%
Magic:  4/4        EV: 12    Int:  7    God:    Trog [*.....]
Gold:   26         SH:  0    Dex:  9    Spells: 3/3 levels left

rFire    . . .     SeeInvis .   a - +0 hand axe
rCold    . . .     Gourm    .   (no shield)
rNeg     + . .     Faith    .   b - +0 animal skin
rPois    ∞         Spirit   .   (no helmet)
rElec    +         Reflect  .   (no cloak)
rCorr    .         Harm     .   (no gloves)
MR       .....                  (no boots)
Stlth    ..........             (no amulet)
HPRegen  0.14/turn              (no ring)
MPRegen  0.09/turn              (no ring)

@: berserking, very quick
A: negative energy resistance 1, electricity resistance, unbreathing,
petrification resistance, rot immunity, AC +3
a: Berserk, Renounce Religion


You were on level 2 of the Dungeon.
You worshipped Trog.
Trog was aware of your devotion.
You were very hungry.

You visited 1 branch of the dungeon, and saw 2 of its levels.

You collected 26 gold pieces.

Inventory:

Hand Weapons
 a - a +0 hand axe (weapon)
Armour
 b - a +0 animal skin (worn)
Jewellery
 d - an uncursed ring of stealth {unknown}
Scrolls
 e - a scroll of remove curse {unknown}
 f - a scroll of teleportation {unknown}
 h - a scroll of magic mapping {unknown}
Potions
 g - a potion of curing {unknown}
Comestibles
 c - 2 rations
 i - 12 chunks of flesh


   Skills:
 + Level 4.1 Fighting
 + Level 3.7 Axes
 + Level 2.4 Armour
 + Level 1.9 Dodging
 + Level 0.2 Stealth


You had 3 spell levels left.
You didn't know any spells.
Your spell library was empty.

Dungeon Overview and Level Annotations

Branches:
Dungeon (2/15)

Altars:

Annotations:
D:2 Sigmund


Innate Abilities, Weirdness & Mutations

You are resistant to torment.
Your stone body is resilient. (AC +3)
You are immune to poison.
You resist negative energy. (rN+)
You are resistant to electric shocks. (rElec)
You can survive without breathing.
You are immune to petrification.
You are immune to rotting.


Message History

You are feeling hungry.
Sigmund gestures wildly while chanting.
Sigmund flickers and vanishes!
Deactivating autopickup; reactivate with Ctrl-A.
The kobold hits you with a dagger.
You feel a strong urge to attack something.
Something hits you.
You see here 2 stones.
A goblin comes into view.
You miss something. You slash the kobold!
You kill the kobold!
Trog accepts your kill.
You hear some strange, mumbled words.
A magic dart appears from out of thin air!
The magic dart hits you!
* * * LOW HITPOINT WARNING * * *
You miss something.
You are feeling very hungry.
You closely miss something. Something hits you!
You die...

#.# #. #.# #..
####.#### #.# ####
#.......###.# #
#........#
.##.##.#..#####
.......#..#
#.....# #
.....###)(####....
.## ##@..(.....
#{.###.... #..# .
.#g# .##.# .. #..
.. ### #..


You could see a goblin.

Vanquished Creatures
  A howler monkey (D:2)
  A gnoll (D:1)
  An adder (D:2)
  A dart slug (D:1)
  3 goblins
  5 hobgoblins
  2 ball pythons
  2 frilled lizards
  2 kobolds
  4 rats (D:1)
22 creatures vanquished.

Notes
Turn   | Place    | Note
-------+----------+-------------------------------------------
     0 | D:1      | emperorscorpion the Gargoyle Berserker began the quest for the Orb.
     0 | D:1      | Reached XP level 1. HP: 14/14 MP: 1/1
   229 | D:1      | Reached XP level 2. HP: 19/19 MP: 2/2
   774 | D:1      | Reached XP level 3. HP: 24/24 MP: 3/3
   948 | D:2      | Reached skill level 4 in Fighting
   948 | D:2      | Reached XP level 4. HP: 14/29 MP: 4/4
   956 | D:2      | Noticed Sigmund
   962 | D:2      | Slain by Sigmund

Vault maps used:
D:1:      elethiomel_arrival_maze, minmay_crystal_water
D:2:      grunt_temple_overflow_open, uniq_sigmund, uniq_terence

Skill      XL: |  1  2  3 |
---------------+----------+-----
Axes           | 3 |  3.7
Fighting       | 4 |  4.1
Armour         | |  2.4
Dodging        | |  1.9
Stealth        | |  0.2

Action                   |  1- 3 |  4- 6 || total
-------------------------+-------+-------++-------
Melee: Hand axe          |    57 |     8 ||    65
Invok: Berserk           |     1 |     1 ||     2
  Eat: Chunk             |     1 |       ||     1
Armor: Animal skin       |    14 |     2 ||    16
Dodge: Dodged            |    33 |     4 ||    37

Table legend:
 A = Spawn XP
 B = Non-spawn XP
 C = Spawn XP percentage of total XP
 D = Spawn monster count
 E = Non-spawn monster count
 F = Spawn count percentage of total count
 G = Total turns spent on level
                    A         B        C        D         E        F      G
               +---------+---------+-------+---------+---------+-------+---------
         Total |       0 |     111 |   0.0 |       0 |      22 |   0.0 |   962
               +---------+---------+-------+---------+---------+-------+---------
           D:1 |       0 |      37 |   0.0 |       0 |      15 |   0.0 |   793
           D:2 |       0 |      74 |   0.0 |       0 |       7 |   0.0 |   169
               +---------+---------+-------+---------+---------+-------+---------
